 Dungeon Crawl Stone Soup version 0.22.1-2-g9c5b331 (webtiles) character file.

39 Heatsaber the Chiller (level 3, -6/16 HPs)
             Began as a Vine Stalker Ice Elementalist on Dec 28, 2018.
             Killed from afar by a hobgoblin (22 damage)
             ... with an exploding inner flame
             ... hexed by the player character
             ... on level 2 of the Dungeon.
             The game lasted 00:08:12 (869 turns).

Heatsaber the Chiller (VSIE)                         Turns: 869, Time: 00:08:15

Health: -6/16      AC: 12    Str: 14 (15) XL:     3   Next: 47%
Magic:  0/8        EV: 24    Int: 19 (21) God:
Gold:   44         SH:  0    Dex: 16 (19) Spells: 2/8 levels left

rFire    . . .     SeeInvis .   (weapon currently unavailable)
rCold    . . .     Gourm    .   (shield currently unavailable)
rNeg     + + +     Faith    .   (armour currently unavailable)
rPois    +         Spirit   +   (helmet currently unavailable)
rElec    .         Reflect  .   (cloak currently unavailable)
rCorr    .         Harm     .   (gloves currently unavailable)
MR       .....                  (boots currently unavailable)
Stlth    +++.......             (no amulet)
HPRegen  0.05/turn              (no ring)
MPRegen  0.11/turn              (no ring)

@: mighty, brilliant, agile, fungus-form, slowed, very slow
A: tiny, magic shield, no potion heal 3, rot immunity
a: no special abilities


You were on level 2 of the Dungeon.
You were not hungry.
You were a sentient fungus.
You visited 1 branch of the dungeon, and saw 2 of its levels.

You collected 44 gold pieces.

Inventory:

Hand Weapons
 e - a +0 club
 j - a +0 hunting sling (melded)
 l - a +0 short sword
Missiles
 k - 82 stones (quivered)
Armour
 a - a +0 robe
 d - a +2 helmet (melded)
 g - a +0 pair of gloves (melded)
 h - a +0 pair of boots (melded)
 n - a +0 leather armour (melded)
Scrolls
 q - a scroll of amnesia
Potions
 b - a potion of might
 m - a potion of degeneration
 p - a potion of brilliance
Comestibles
 c - 6 rations


   Skills:
 - Level 1.5 Dodging
 - Level 2.4 Stealth
 + Level 3.1 Spellcasting
 - Level 1.0 Conjurations
 + Level 3.7 Ice Magic


You had 2 spell levels left.
You knew the following spells:

 Your Spells              Type           Power        Failure   Level  Hunger
a - Freeze                Ice            ####         1%          1    None
b - Throw Frost           Conj/Ice       ###...       1%          2    ##.....
c - Ozocubu's Armour      Chrm/Ice       ###.....     2%          3    ###....

Your spell library contained the following spells:

 Spells                   Type           Power        Failure   Level  Hunger
 Throw Icicle             Conj/Ice       ###.....     7%          4    ####...
 Summon Ice Beast         Ice/Summ       ###.....     8%          4    ####...


Dungeon Overview and Level Annotations

Branches:
Dungeon (2/15)

Altars:
Qazlal

Annotations:
D:2 Natasha


Innate Abilities, Weirdness & Mutations

((You have extremely sharp teeth.))
When hurt, damage is shared between your health and your magic reserves.
((Your bite disrupts and absorbs the magic of your enemies.))
Potions cannot restore your health.
You are immune to rotting.


Message History

The hobgoblin completely misses you.
Unknown command.
Unknown command.
It was a potion of agility.
You feel agile all of a sudden. The hobgoblin completely misses you.
Natasha casts a spell.
The adder completely misses you.
Okay, then.
You feel very mighty all of a sudden. The adder completely misses you.
The hobgoblin completely misses you. The adder misses you.
The hobgoblin hits you but does no damage.
You release spores at the hobgoblin!
The hobgoblin explodes!
The fiery explosion engulfs the adder.
You kill the adder!
The fiery explosion engulfs you!
Ouch! That really hurt!
You die...

###.............###
#........#......#..
#..............[..#
#..............####
#....≈≈........#
#...≈§≈≈..§§...#
##.≈§§#≈###≈..##
#..≈#§≈§≈#§≈§#
#f§.+§>⌠≈≈§§§#
#§§.+ ._≈≈....
#5h)§≈≈≈§≈....
#..≈#≈###≈. ...
#K..≈≈≈≈ #...5≈§≈.
#.....§.. ###$#.(..
......


You could see an iron imp, Natasha (inner flame), a shadow imp and a kobold.

Vanquished Creatures
  An adder (D:2)
  A dart slug (D:1)
  3 leopard geckos (D:1)
  A giant cockroach (D:1)
  3 goblins (D:1)
  2 hobgoblins (D:1)
  4 jackals (D:1)
  A ball python (D:1)
  A bat (D:1)
  A frilled lizard (D:1)
  5 kobolds
  2 rats (D:1)
25 creatures vanquished.

Notes
Turn   | Place    | Note
-------+----------+-------------------------------------------
     0 | D:1      | Heatsaber the Vine Stalker Ice Elementalist began the quest
                  | for the Orb.
     0 | D:1      | Reached XP level 1. HP: 9/9 MP: 4/4
   193 | D:1      | Reached XP level 2. HP: 13/13 MP: 2/6
   216 | D:1      | Learned a level 2 spell: Throw Frost
   435 | D:1      | Reached XP level 3. HP: 14/16 MP: 1/8
   440 | D:1      | Learned a level 3 spell: Ozocubu's Armour
   851 | D:2      | Found a stormy altar of Qazlal.
   861 | D:2      | Noticed Natasha
   869 | D:2      | Killed from afar by a hobgoblin

Skill      XL: |  1  2  3 |
---------------+----------+-----
Spellcasting   | 3 |  3.1
Dodging        | |  1.5
Stealth        | |  2.4
Conjurations   | |  1.0
Ice Magic      | |  3.7

Action                   || total
-------------------------++-------
Melee: Club              ||     1
       Short sword       ||     3
       Unarmed           ||     1
 Fire: Hunting sling     ||    37
 Cast: Freeze            ||    22
       Throw Frost       ||     1
  Use: Scroll            ||     4
       Potion            ||     4
 Stab: Sleeping          ||     1
Armor: Robe              ||     3
       Leather armour    ||     6
       Skin              ||     1
Dodge: Dodged            ||    29
